 Dungeon Crawl Stone Soup version 0.25.0-9-g26727b657a (webtiles) character file.

Game seed: 489192689547467556

11730 Delamore the Bludgeoner (level 11, -14/61 HPs)
             Began as a Gargoyle Fighter on June 20, 2020.
             Was an Elder of Okawaru.
             Killed from afar by an orc wizard (18 damage)
             ... with an exploding inner flame
             ... hexed by the player character
             ... on level 10 of the Dungeon.
             The game lasted 00:18:28 (14927 turns).

Delamore the Bludgeoner (Gargoyle Fighter)         Turns: 14927, Time: 00:18:28

Health: -14/61     AC: 22    Str: 23    XL:     11   Next: 82%
Magic:  11/11      EV: 11    Int:  9    God:    Okawaru [****..]
Gold:   870        SH: 10    Dex: 15    Spells: 10/10 levels left

rFire    . . .     SeeInvis .   a - +0 flail
rCold    . . .     Gourm    .   c - +0 kite shield
rNeg     + . .     Faith    .   O - +0 scale mail {MR+}
rPois    ∞         Spirit   .   h - +0 helmet
rElec    +         Reflect  .   Q - +2 cloak {Stlth+}
rCorr    .         Harm     .   o - +2 pair of gloves
MR       +....                  (no boots)
Stlth    ..........             (no amulet)
HPRegen  0.20/turn              t - +4 ring of evasion
MPRegen  0.12/turn              K - +6 ring of dexterity

@: no status effects
A: negative energy resistance 1, electricity resistance, unbreathing,
petrification resistance, rot immunity, AC +8
a: Heroism, Renounce Religion


You were on level 10 of the Dungeon.
You worshipped Okawaru.
Okawaru was greatly pleased with you.
You were very hungry.

You visited 2 branches of the dungeon, and saw 11 of its levels.
You also visited: Ossuary.

You collected 870 gold pieces.

Inventory:

Hand Weapons
 a - a +0 flail (weapon)
Missiles
 v - 9 poisoned darts (quivered)
 F - 6 javelins
Armour
 c - a +0 kite shield (worn)
 h - a +0 helmet (worn)
 o - a +2 pair of gloves (worn)
 O - a +0 scale mail of magic resistance (worn)
 Q - a +2 cloak of stealth (worn)
Jewellery
 t - a +4 ring of evasion (left hand)
 K - a +6 ring of dexterity (right hand)
Wands
 b - a wand of acid (1)
 n - a wand of polymorph (27)
 C - a wand of iceblast (15)
 D - a wand of random effects (26)
 M - a wand of enslavement (3)
Scrolls
 e - 5 scrolls of teleportation
 k - a scroll of summoning {unknown}
 r - a scroll of random uselessness
 x - 5 scrolls of remove curse
 y - 4 scrolls of amnesia
 B - 3 scrolls of blinking {unknown}
 H - a scroll of torment {unknown}
 I - a scroll of fear
 J - a scroll of fog
 L - 2 scrolls of enchant weapon {unknown}
 N - a scroll of vulnerability {unknown}
Potions
 d - 4 potions of might
 g - 2 potions of lignification
 i - 5 potions of mutation
 j - 3 potions of haste
 l - 5 potions of curing
 m - 2 potions of berserk rage
 p - 5 potions of flight
 s - 2 potions of degeneration {unknown}
 u - 4 potions of heal wounds
 w - 2 potions of brilliance
 z - a potion of stabbing {unknown}
 A - a potion of ambrosia {unknown}
 E - 2 potions of invisibility
 G - 2 potions of magic
Comestibles
 f - 10 rations


   Skills:
 + Level 4.0 Fighting
 - Level 16.9 Maces & Flails
 + Level 4.1 Armour
 + Level 4.0 Shields


You had 10 spell levels left.
You didn't know any spells.
Your spell library contained the following spells:

 Spells                   Type           Power        Failure   Level  Hunger
 Summon Small Mammal      Summ           #...         99%         1    ##.....
 Call Imp                 Summ           #.......     99%         2    ###....
 Call Canine Familiar     Summ           #.......     100%        3    ####...
 Summon Guardian Golem    Hex/Summ       #.......     100%        3    ####...
 Summon Ice Beast         Ice/Summ       #.......     100%        4    #####..
 Summon Lightning Spire   Summ/Air       #.......     100%        4    #####..


Dungeon Overview and Level Annotations

Branches:
Dungeon (10/15)            Temple (1/1) D:7            Lair (0/6) D:10
    Orc (0/2) D:10        Ossuary (visited)

Altars:
Ashenzari
Cheibriados
Dithmenos
Elyvilon
Fedhas
Gozag
Hepliaklqana
Kikubaaqudgha
Makhleb
Nemelex Xobeh
Okawaru
Qazlal
Ru
Sif Muna
Trog
Uskayaw
Vehumet
Wu Jian
Xom
Yredelemnul
Zin
The Shining One

Shops:
D:8 %


Innate Abilities, Weirdness & Mutations

You are resistant to torment.
Your stone body is resilient. (AC +8)
You are immune to poison.
You resist negative energy. (rN+)
You are resistant to electric shocks. (rElec)
You can survive without breathing.
You are immune to petrification.
You are immune to rotting.


Message History

You hit the orc warrior but do no damage.
The orc warrior is heavily wounded.
Something hits you.
The orc warrior is engulfed in blazing flames.
Flame seeps out of the orc warrior.
You block the orc warrior's attack.
You closely miss the orc warrior.
The orc warrior is severely wounded.
The orc barely misses you. Something hits you but does no damage.
You sock the orc warrior!
The orc warrior explodes!
The fiery explosion engulfs something!! x2; The fiery explosion engulfs you!!!
Ouch! That really hurt!
* * * LOW HITPOINT WARNING * * *
Okawaru is honoured by your kill.
Reactivating autopickup.
Your Fighting skill increases to level 4!
Your Armour skill increases to level 4!
Your Shields skill increases to level 4!
You feel a bit more experienced. The fiery explosion engulfs you!!
You die...

##^.....##......#.....#.#
##
#.......#........##.....
....<..## ......# ......
..#...!.###.#..# ......
..#....#....#.# #......
##............###..%....
#...#.....#....§#.o....#
....#.......#.§§§§#
.#..##.....##.§§@°#
#######....###§§### #
##..## #### ####


You could see an orc (inner flame).

Vanquished Creatures
  A two-headed ogre (D:9)
  Urug (D:10)
  An unseen horror (D:10)
  Joseph (D:9)
  Maurice (D:10)
  5 slime creatures (D:10)
  4 hippogriffs
  Prince Ribbit (D:6)
  Sigmund (D:6)
  A wraith (D:10)
  5 yaks
  A wyvern (D:9)
  Eustachio (D:5)
  Grum (D:8)
  Duvessa (D:6)
  A water moccasin (D:6)
  7 orc warriors
  An ice beast (D:8)
  2 sky beasts (D:9)
  10 ogres
  4 phantoms
  2 wolves (D:7)
  4 centaurs
  A crocodile (D:8)
  4 big kobolds
  7 bullfrogs
  A wyvern zombie (D:8)
  Dowan (D:6)
  A scorpion (D:5)
  12 killer bees
  4 howler monkeys
  3 crimson imps
  3 jellies
  A centaur zombie (D:5)
  7 hounds
  10 orc wizards
  4 iguanas
  A gnoll shaman (D:5)
  5 orc priests
  Terence (D:3)
  Jessica (D:3)
  8 worker ants
  9 mummies
  9 gnolls
  A howler monkey skeleton (D:9)
  8 adders
  A shadow imp (D:5)
  An ooze (D:3)
  An adder zombie (D:5)
  An adder skeleton (D:4)
  3 worms
  3 dart slugs
  4 leopard geckos
  39 orcs
  2 ball pythons
  5 bats
  5 giant cockroaches
  8 goblins
  6 hobgoblins
  8 jackals
  27 kobolds
  4 quokkas
  6 frilled lizards
  3 gnoll zombies (Ossuary)
  A hobgoblin zombie (Ossuary)
  A jackal skeleton (D:6)
  2 kobold zombies (Ossuary)
  2 leopard gecko skeletons
  2 orc zombies (Ossuary)
  A quokka skeleton (D:5)
  4 rats
299 creatures vanquished.

Vanquished Creatures (others)
  An orc wizard (D:10)
  4 toadstools (D:1)
5 creatures vanquished.

Grand Total: 304 creatures vanquished

Notes
Turn   | Place    | Note
-------+----------+-------------------------------------------
     0 | D:1      | Delamore the Gargoyle Fighter began the quest for the Orb.
     0 | D:1      | Reached XP level 1. HP: 14/14 MP: 1/1
   149 | D:1      | Reached XP level 2. HP: 12/19 MP: 2/2
   422 | D:1      | Reached skill level 3 in Maces & Flails
   848 | D:2      | Reached XP level 3. HP: 22/23 MP: 3/3
  1658 | D:3      | Noticed Terence
  1672 | D:3      | Killed Terence
  1672 | D:3      | Reached skill level 4 in Maces & Flails
  1672 | D:3      | Reached XP level 4. HP: 26/28 MP: 4/4
  1917 | D:3      | Noticed Jessica
  1944 | D:3      | Killed Jessica
  1944 | D:3      | Reached skill level 5 in Maces & Flails
  1944 | D:3      | Reached XP level 5. HP: 12/32 MP: 5/5
  1981 | D:3      | Found a burning altar of Makhleb.
  1989 | D:3      | Found a radiant altar of Vehumet.
  2307 | D:3      | Found a burning altar of Makhleb.
  2307 | D:3      | Noticed a cacodemon
  2374 | D:3      | Reached skill level 6 in Maces & Flails
  2409 | D:3      | Found a glowing golden altar of the Shining One.
  2442 | D:3      | Reached XP level 6. HP: 37/37 MP: 6/6
  2839 | D:4      | Noticed a phantom
  2856 | D:4      | Reached skill level 7 in Maces & Flails
  2856 | D:4      | Reached XP level 7. HP: 15/41 MP: 7/7
  3269 | D:4      | Reached skill level 8 in Maces & Flails
  3613 | D:5      | Entered Level 5 of the Dungeon
  3647 | D:5      | Noticed Eustachio
  3656 | D:5      | Killed Eustachio
  3721 | D:5      | Reached skill level 9 in Maces & Flails
  3721 | D:5      | Reached XP level 8. HP: 44/46 MP: 8/8
  3877 | D:5      | Found a sand-covered staircase.
  3882 | Ossuary  | Entered an ossuary
  4439 | D:5      | Reached skill level 10 in Maces & Flails
  5509 | D:6      | Found an opulent altar of Gozag.
  5677 | D:6      | Reached skill level 11 in Maces & Flails
  5677 | D:6      | Reached XP level 9. HP: 51/51 MP: 9/9
  5716 | D:6      | Noticed Sigmund
  5735 | D:6      | Killed Sigmund
  6040 | D:6      | Found a blossoming altar of Fedhas.
  6041 | D:6      | Found a hazy altar of Hepliaklqana.
  6052 | D:6      | Noticed Prince Ribbit
  6064 | D:6      | Killed Prince Ribbit
  6064 | D:6      | Reached skill level 12 in Maces & Flails
  6234 | D:6      | Found a stormy altar of Qazlal.
  6236 | D:6      | Noticed Dowan
  6237 | D:6      | Noticed Duvessa
  6254 | D:6      | Killed Duvessa
  6263 | D:6      | Killed Dowan
  6290 | D:6      | Found a shimmering altar of Xom.
  6304 | D:6      | Found a sparkling altar of Nemelex Xobeh.
  6307 | D:6      | Found a basalt altar of Yredelemnul.
  6487 | D:6      | Found a sacrificial altar of Ru.
  7002 | D:7      | Reached skill level 13 in Maces & Flails
  7176 | D:7      | Found a staircase to the Ecumenical Temple.
  7203 | Temple   | Entered the Ecumenical Temple
  7408 | Temple   | Became a worshipper of Warmaster Okawaru
  7462 | D:7      | Reached XP level 10. HP: 48/56 MP: 10/10
  8394 | D:8      | Reached * piety under Okawaru
  8544 | D:8      | Reached skill level 14 in Maces & Flails
  8627 | D:8      | Noticed Grum
  8795 | D:8      | Killed Grum
  8836 | D:8      | Found Reicsurch's Food Shop.
  9103 | D:8      | Reached ** piety under Okawaru
  9470 | D:8      | Got a bloodstained robe
  9481 | D:8      | Identified the +1 robe "Akkuh" {MR+ Dex+2} (You found it on
                  | level 8 of the Dungeon)
  9558 | D:9      | Reached skill level 15 in Maces & Flails
  9721 | D:9      | Found a shattered altar of Ashenzari.
  9731 | D:9      | Noticed a two-headed ogre
  9760 | D:9      | Killed a two-headed ogre
  9861 | D:9      | Found an ornate altar of the Wu Jian Council.
 10041 | D:9      | Noticed Joseph
 10063 | D:9      | Killed Joseph
 10063 | D:9      | Reached XP level 11. HP: 23/60 MP: 11/11
 11133 | D:9      | Found a snail-covered altar of Cheibriados.
 11384 | D:10     | Entered Level 10 of the Dungeon
 11613 | D:10     | Reached skill level 16 in Maces & Flails
 11640 | D:10     | Reached *** piety under Okawaru
 11704 | D:10     | Found a staircase to the Orcish Mines.
 13332 | D:9      | HP: 3/60 [large slime creature (33)]
 14052 | D:10     | Found a staircase to the Lair.
 14087 | D:10     | Noticed Urug
 14320 | D:10     | Killed Urug
 14320 | D:10     | Reached **** piety under Okawaru
 14538 | D:10     | Noticed Maurice
 14595 | D:10     | Killed Maurice
 14927 | D:10     | Killed an unseen horror
 14927 | D:10     | Killed from afar by an orc wizard

Illustrated notes

Levels and vault maps discovered:
D:1:      ldierk_walled_garden_2, layout_rooms, serial_forest,
          infiniplex_forest_lined_corner, infiniplex_forest_side_room,
          infiniplex_forest_clump_double, infiniplex_forest_lined_room_2,
          infiniplex_forest_clump_small
D:2:      layout_basic, minmay_misc_feat_encased, corexii_leaking_fountain
D:3:      layout_loops_cross, grunt_temple_overflow_lords_of_destruction,
          lemuel_doored_altar, first_ration, chequers_serial_rivers_marsh,
          makhleb_altar_promises_db, uniq_jessica, uniq_terence
D:4:      layout_basic, kennysheep_decorative_pillar,
          minmay_misc_feat_nine_boxes, serial_bayou_pond_b
D:5:      layout_basic, enter_ossuary_5, uniq_eustachio
D:6:      layout_loops_ring, grunt_temple_overflow_cloverleaf,
          nicolae_overflow_hidden_temple, nicolae_ru_the_path_less_chosen,
          uniq_duvessa, uniq_sigmund, uniq_prince_ribbit1
D:7:      layout_basic, minmay_temple_entry_grid, grunt_ministairs_15
D:8:      layout_cave_pools, serial_shops, shop, uniq_grum
D:9:      layout_basic, ashenzari_conservatory_becter, slow_altar_2,
          kennysheep_mini, uniq_joseph
D:10:     layout_cave_pools, dpeg_oklobed_lair, david_orc_4, uniq_urug,
          uniq_maurice
Temple:   jpeg_temple_island

Skill      XL: |  1  2  3  4  5  6  7  8  9 10 11 |
---------------+----------------------------------+-----
Maces & Flails | 3 4 5 6 7 9 11 13 15 16 | 16.9
Fighting       | 4 |  4.0
Armour         | 4 |  4.1
Shields        | 4 |  4.0

Action                   |  1- 3 |  4- 6 |  7- 9 | 10-12 || total
-------------------------+-------+-------+-------+-------++-------
Melee: Flail             |   129 |   156 |   499 |   904 ||  1688
Throw: Dart              |       |       |     4 |     9 ||    13
Invok: Heroism           |       |       |       |     2 ||     2
Evoke: Wand              |       |       |       |     3 ||     3
  Use: Scroll            |       |     7 |     3 |     7 ||    17
       Potion            |       |       |     4 |       ||     4
  Eat: Chunk             |     3 |     4 |    11 |    14 ||    32
       Ration            |       |       |     1 |     3 ||     4
Armor: Scale mail        |    99 |    65 |   120 |    60 ||   344
       Ring mail         |       |       |    32 |   320 ||   352
Dodge: Dodged            |    52 |    85 |   209 |   374 ||   720
Block: Kite shield       |    88 |    79 |   188 |   393 ||   748
